Map: Eternal Empire LE

Players

SuMaasCHL

  • Race: Protoss Protoss
  • League: Silver
  • Spawn Location: 7:00

Ratl - Winner!

  • Race: Protoss Protoss
  • League: Silver
  • Spawn Location: 1:00

VOD

Have the link to the VOD?

Description

Time

  • Played on: Feb. 13, 2020, 9:30 a.m.
  • Length: 13:28
Show
View Real Time Build Order
Export as new Build Order

SuMaasCHL Protoss 

Build Orders:  

Get SALT Encoding   

  12  0:01  Probe  
  13  0:15  Pylon  
  13  0:18  Probe  
  14  0:26  Assimilator  
  14  0:30  Probe  
  15  0:40  Gateway  
  15  0:44  Probe (Chrono Boost)  
  16  0:56  Probe (Chrono Boost)  
  17  1:03  Gateway  
  17  1:05  Probe (Chrono Boost)  
  18  1:19  Probe  
  18  1:20  Assimilator  
  19  1:27  Cybernetics Core  
  19  1:39  Zealot (Chrono Boost)  
  22  2:07  Stalker  
  23  2:17  Warp Gate (Chrono Boost)  
  23  2:18  Pylon  
  23  2:36  Probe, Stalker  
  26  2:38  Stalker  
  28  2:48  Probe  
  29  2:59  Stargate  
  29  3:00  Probe  
  29  3:05  Forge  
  30  3:30  Pylon  
  30  3:34  Protoss Ground Weapons Level 1 (Chrono Boost)  
  30  3:48  Stalker x2  
  34  3:57  Fleet Beacon  
  34  4:08  Robotics Facility  
  34  4:35  Probe  
  35  4:52  Pylon  
  35  4:57  Nexus  
  35  5:02  Probe  
  35  5:04  Stalker  
  38  5:11  Stalker  
  41  5:28  Protoss Air Weapons Level 1 (Chrono Boost), Observer  
  41  5:34  Stalker  
  41  5:35  Stalker  
  45  5:44  Pylon  
  45  5:48  Probe  
  46  5:50  Pylon  
  46  6:03  Gateway  
  46  6:08  Probe  
  46  6:09  Probe  
  48  6:19  Protoss Shields Level 1  
  48  6:22  Probe  
  48  6:23  Probe  
  50  6:30  Pylon  
  49  6:47  Tempest  
  54  6:58  Probe x2  
  54  6:59  Gateway  
  56  7:04  Assimilator  
  56  7:05  Assimilator  
  56  7:10  Probe x2  
  52  7:42  Stalker x3  
  52  7:44  Probe x2  
  59  7:48  Tempest (Chrono Boost)  
  60  7:56  Probe  
  66  7:59  Protoss Air Weapons Level 2 (Chrono Boost)  
  66  8:07  Gateway  
  66  8:09  Probe, Gateway  
  67  8:17  Probe  
  68  8:21  Stalker  
  68  8:22  Stalker  
  72  8:27  Stalker  
  72  8:28  Protoss Ground Armor Level 1  
  74  8:38  Observer  
  74  8:41  Tempest (Chrono Boost)  
  80  8:52  Stargate  
  80  8:57  Probe x2  
  82  9:13  Stalker  
  82  9:14  Stalker  
  86  9:24  Pylon x2  
  86  9:26  Pylon  
  86  9:27  Pylon  
  86  9:42  Probe x2, Tempest x2 (Chrono Boost)  
  98  9:52  Observer  
  99  10:10  Probe  
  99  10:11  Probe, Pylon  
  99  10:12  Pylon  
  101  10:15  Pylon  
  101  10:22  Probe  
  102  10:34  Nexus, Stalker x2  
  106  10:49  Stalker x3  
  112  11:05  Twilight Council  
  112  11:11  Probe x2  
  114  11:17  Stalker  
  116  11:22  Assimilator  
  116  11:26  Stalker x2  
  120  11:43  Tempest x2 (Chrono Boost)  
  130  11:51  Probe x3  
  133  11:55  Pylon  
  133  12:06  Stalker  
  133  12:07  Stalker  
  105  12:16  Stalker x2  
  105  12:17  Stalker  
  76  12:36  Stalker x3  
Show
View Real Time Build Order
Export as new Build Order

Ratl Protoss - Winner!

Build Orders: Archon Immortal 

Get SALT Encoding   

  12  0:01  Probe  
  13  0:14  Probe  
  14  0:22  Pylon  
  14  0:26  Probe  
  15  0:40  Probe, Gateway  
  16  0:52  Probe  
  17  1:04  Probe  
  18  1:16  Probe  
  19  1:22  Assimilator  
  19  1:28  Probe (Chrono Boost)  
  19  1:30  Gateway  
  19  1:31  Cybernetics Core  
  20  1:40  Probe (Chrono Boost)  
  21  1:49  Nexus  
  21  1:52  Probe (Chrono Boost)  
  22  2:03  Probe  
  22  2:04  Pylon  
  23  2:15  Assimilator  
  23  2:19  Warp Gate  
  23  2:22  Probe  
  24  2:34  Probe  
  25  2:44  Pylon  
  25  2:47  Probe (Chrono Boost)  
  25  2:49  Stalker x2  
  31  2:58  Probe (Chrono Boost)  
  31  3:04  Pylon  
  31  3:05  Probe (Chrono Boost)  
  31  3:07  Probe (Chrono Boost)  
  32  3:16  Probe (Chrono Boost)  
  32  3:17  Probe (Chrono Boost)  
  34  3:21  Probe (Chrono Boost), Stalker  
  34  3:25  Probe  
  38  3:33  Probe (Chrono Boost)  
  39  3:34  Robotics Facility  
  39  3:39  Probe (Chrono Boost)  
  40  3:41  Stalker  
  40  3:45  Probe (Chrono Boost)  
  43  3:54  Probe x2 (Chrono Boost)  
  43  3:55  Stalker  
  47  4:01  Probe  
  48  4:04  Probe  
  49  4:13  Probe  
  49  4:16  Probe  
  51  4:20  Pylon, Nexus  
  51  4:25  Probe  
  51  4:28  Probe  
  51  4:29  Assimilator  
  51  4:30  Assimilator  
  53  4:37  Observer  
  53  4:38  Probe, Stalker  
  55  4:39  Stalker  
  55  4:40  Probe  
  60  4:47  Gateway  
  60  4:51  Twilight Council  
  60  4:52  Probe  
  61  4:53  Probe  
  62  5:04  Probe  
  62  5:05  Probe  
  64  5:10  Immortal  
  64  5:11  Stalker  
  70  5:16  Pylon  
  70  5:21  Pylon x2  
  70  5:25  Pylon  
  70  5:31  Probe x2  
  70  5:33  Probe  
  73  5:36  Stalker  
  75  5:43  Probe x2  
  75  5:45  Probe  
  78  5:55  Probe x2, Templar Archives  
  80  6:04  Gateway  
  80  6:05  Gateway  
  80  6:06  Probe  
  80  6:08  Probe  
  80  6:09  Probe, Pylon  
  83  6:14  Gateway  
  83  6:16  Gateway  
  83  6:18  Probe  
  84  6:19  Gateway, Immortal  
  84  6:20  Probe  
  84  6:21  Probe  
  90  6:30  Probe  
  90  6:32  Probe  
  92  6:33  Probe, Nexus  
  92  6:35  Pylon  
  93  6:41  Assimilator  
  93  6:43  Probe, Assimilator  
  93  6:44  Probe  
  93  6:45  Probe  
  96  6:48  Stalker x2  
  100  6:56  Probe x2  
  100  7:01  Forge x2  
  102  7:03  Forge  
  102  7:07  High Templar x3  
  108  7:12  Probe, Immortal  
  108  7:13  Probe x2  
  115  7:17  Archon  
  115  7:24  Probe  
  115  7:25  Probe  
  115  7:27  Probe  
  116  7:37  Probe x2  
  116  7:39  Probe  
  116  7:42  High Templar x3  
  116  7:43  High Templar x2  
  127  7:47  Archon x2  
  127  7:49  Probe, Archon  
  128  7:51  Immortal  
  128  7:55  High Templar  
  134  8:00  Protoss Ground Armor Level 1 (Chrono Boost)  
  134  8:01  Protoss Ground Weapons Level 1 (Chrono Boost)  
  134  8:19  Protoss Shields Level 1 (Chrono Boost)  
  134  8:20  Assimilator  
  134  8:23  Assimilator  
  134  8:35  Immortal  
  134  8:39  Stalker x3  
  134  8:40  Stalker x2  
  148  8:49  Pylon  
  148  8:50  Pylon  
  148  8:52  Pylon  
  148  8:54  Pylon  
  148  8:55  Photon Cannon  
  148  8:57  Photon Cannon  
  148  8:58  Photon Cannon  
  148  9:00  Photon Cannon  
  148  9:03  Photon Cannon  
  148  9:06  Photon Cannon  
  148  9:10  Photon Cannon  
  148  9:11  Pylon, Photon Cannon  
  148  9:14  Pylon  
  148  9:17  Probe  
  148  9:20  Pylon  
  149  9:26  Immortal, Nexus  
  149  9:29  High Templar x2  
  149  9:30  High Templar x3  
  163  9:33  Archon  
  163  9:34  Archon x2  
  163  9:36  Zealot x3  
  169  9:40  Charge  
  169  9:49  Protoss Ground Weapons Level 2 (Chrono Boost), Protoss Ground Armor Level 2 (Chrono Boost)  
  169  10:00  Immortal  
  169  10:11  Protoss Shields Level 2 (Chrono Boost)  
  173  10:17  Robotics Facility  
  173  10:19  Robotics Facility  
  173  10:20  Gateway  
  173  10:23  Gateway  
  173  10:24  Gateway  
  173  10:26  Gateway  
  173  10:33  Gateway  
  173  10:36  Gateway  
  173  10:37  Stalker  
  173  10:38  Gateway, Stalker x6  
  173  10:39  Stalker  
  173  10:41  Immortal (Chrono Boost)  
  193  11:07  Immortal (Chrono Boost)  
  193  11:11  Protoss Air Weapons Level 1  
Tags
 
Composition
Archon Immortal
Matchup
PvP
Spawn Locations
Cross Positions
Add a new tag
Caveats
  • Supply blocks, unpowered buildings, or Contaminate may cause inaccurate times.
  • Supply counts are checked every 10 seconds.